AoeStats
← Clueless Clown

Fortress

508791096Analyzed
3v3 RM · 7d ago on Sep 24, 2026· 25m 7s· 6 players
Game mode
Random Map
Map size
Large (8 player)
Population
200
Speed
Normal
Resources
Standard
Victory
Conquest
Starting age
Dark Age
Ending age
Imperial Age
RankedLock teamsTeams togetherTeam positionsShared explorationLock speedFull tech treeHidden civsTurbo modeCheats
Victory
Defeat
🇺🇸 Bulgarians · United States
1065
+15
🇺🇸 Cumans · United States
1049
+16
🇺🇸 Bulgarians · United States
1025
+18
🇺🇸 Burgundians · United States
1063
-17
🇨🇱 Mapuche · Chile
1041
-16
🇨🇱 Britons · Chile
1034
-16
Clueless Clown
2:14 Double-Bit Axe
4:01 Horse Collar
7:39 Feudal Age
11:37 Castle Age
10:12 Bow Saw
10:29 Heavy Plow
11:42 Gold Mining
12:46 Loom
15:03 Two-Man Saw
17:19 Wheelbarrow
17:51 Scale Barding Armor
20:02 Chain Barding Armor
19:04 Cavalier
19:44 Husbandry
21:53 Hand Cart
25:24 Imperial Age
24:04 Gold Shaft Mining
23:46 Forging
23:52 Burgundian Vineyards
diego02041989
7:05 Feudal Age
7:31 Double-Bit Axe
7:29 Horse Collar
9:16 Wheelbarrow
9:20 Gold Mining
14:33 Castle Age
15:08 Forging
15:04 Scale Barding Armor
17:39 Husbandry
18:02 Chain Barding Armor
Paquesito
7:16 Feudal Age
8:59 Wheelbarrow
9:27 Loom
12:30 Castle Age
10:23 Double-Bit Axe
11:16 Horse Collar
10:58 Champi Runner
Li1Fur
1:50 Loom
2:17 Loom
8:32 Feudal Age
13:44 Double-Bit Axe
22:48 Castle Age
23:07 Capped Ram
23:53 Gold Mining
Hav1k
0:32 Loom
9:58 Feudal Age
10:35 Horse Collar
10:43 Double-Bit Axe
15:09 Scale Mail Armor
21:35 Castle Age
20:33 Stone Mining
20:36 Gold Mining
22:42 Bow Saw
23:10 Gold Shaft Mining
23:14 Stone Shaft Mining
22:58 Chain Mail Armor
22:55 Forging
22:51 Scale Barding Armor
22:47 Pikeman
25:17 Wheelbarrow
Minhajt
4:13 Loom
7:29 Feudal Age
9:08 Double-Bit Axe
9:05 Horse Collar
10:17 Scale Mail Armor
10:29 Forging
12:04 Arson
18:26 Castle Age
16:18 Gold Mining
18:40 Wheelbarrow
18:59 Gambesons
19:44 Chain Mail Armor
20:05 Iron Casting
19:43 Bow Saw
19:34 Heavy Plow
21:13 Stone Mining
21:20 Fletching
23:33 Gold Shaft Mining
22:25 Pikeman
24:03 Scale Barding Armor
23:53 Bodkin Arrow
25:03 Bloodlines
Connection lost

Rejoining the realm…

Still unreachable

The connection could not be restored.

Session expired

The server has moved on; the page needs a fresh start.